 Dungeon Crawl Stone Soup version 0.29.1-12-g30fa7ad0bf (webtiles) character file.

Game seed: 11267070430917219231

32 mikeweasel the Poker (level 3, 0/30 HPs)
             Began as a Merfolk Monk on Jan 18, 2023.
             Slain by a ball python (1 damage)
             ... on level 2 of the Dungeon.
             The game lasted 00:05:36 (1245 turns).

mikeweasel the Poker (Merfolk Monk)                 Turns: 1245, Time: 00:05:36

Health: 0/30       AC:  2    Str: 11    XL:     3   Next: 25%
Magic:  3/3        EV: 11    Int: 11    God:
Gold:   78         SH:  5    Dex: 16    Spells: 2/2 levels left

rFire   . . .      SeeInvis .   f - +0 dagger (speed)
rCold   . . .      Faith    .   (no shield)
rNeg    . . .      Spirit   .   b - +0 robe
rPois   .          Reflect  +   (no helmet)
rElec   .          Harm     .   (no cloak)
rCorr   .          Rampage  .   (no gloves)
Will    .....                   (no boots)
Stlth   ++........              e - amulet of reflection
HPRegen 0.10/turn               (no ring)
MPRegen 0.08/turn               (no ring)

@: lethally poisoned (0 -> -4), constricted
A: (nimble swimmer 2), mertail
a: no special abilities


You were on level 2 of the Dungeon.
You visited 1 branch of the dungeon, and saw 2 of its levels.

You collected 78 gold pieces.

Inventory:

Hand Weapons
 a - a +0 spear
 f - a +0 dagger of speed (weapon)
Armour
 b - a +0 robe (worn)
Jewellery
 e - an amulet of reflection (around neck)
Potions
 c - a potion of ambrosia
 d - a potion of resistance


   Skills:
 + Level 3.8 Fighting
 + Level 4.5 Polearms
 + Level 4.4 Dodging
 + Level 2.4 Stealth


You had 2 spell levels left.
You didn't know any spells.
Your spell library was empty.

Dungeon Overview and Level Annotations

Branches:
Dungeon (2/15)

Altars:


Innate Abilities, Weirdness & Mutations

((You are very nimble when in or above water. (Stealth+, EV+, Speed+++)))
Your lower body shifts to a powerful aquatic tail in water.


Message History

The ball python attacks as you move away!
The ball python misses you. You block the ball python's attack.
The adder attacks as you move away! The adder closely misses you.
The bat closely misses you.
You hit the bat.
The bat is severely wounded.
The bat barely misses you.
You hit the adder but do no damage.
The adder is lightly wounded.
The bat completely misses you.
You closely miss the bat.
The bat is moderately wounded.
The bat hits you but does no damage. The adder misses you.
You hit the adder.
The adder is moderately wounded.
The adder completely misses you.
You hit the bat but do no damage.
The bat is moderately wounded.
The bat completely misses you. The ball python completely misses you.
You block the ball python's attack. The adder barely misses you.
You hit the adder.
The adder is severely wounded.
The ball python closely misses you. The ball python grabs you.
The ball python constricts you. The adder bites you.
* * * LOW HITPOINT WARNING * * *
You are lethally poisoned!
The adder poisons you! The bat closely misses you.
You hit the adder.
The adder is almost dead.
* * * LOW HITPOINT WARNING * * *
You feel sick. The bat barely misses you. You block the adder's attack.
The ball python bites you.
* * * LOW HITPOINT WARNING * * *
The ball python constricts you.
* * * LOW HITPOINT WARNING * * *
You hit the adder.
You kill the adder!
* * * LOW HITPOINT WARNING * * *
You feel sick. The bat closely misses you. The ball python bites you.
You die...

#...##......#
.......#...#
#........#
#.......#
#.......#
#.......#
#.......#
.....#....Sb#
... #####@.#
. ##..# ####


You could see a bat and a ball python.

Vanquished Creatures
  2 adders (D:2)
  A dart slug (D:1)
  An endoplasm (D:1)
  2 giant cockroaches (D:1)
  2 goblins (D:1)
  2 hobgoblins (D:1)
  3 jackals (D:1)
  2 quokkas (D:1)
  2 frilled lizards (D:1)
  3 rats (D:1)
20 creatures vanquished.

Notes
Turn   | Place    | Note
-------+----------+-------------------------------------------
     0 | D:1      | mikeweasel the Merfolk Monk began the quest for the Orb.
     0 | D:1      | Reached XP level 1. HP: 18/18 MP: 1/1
   361 | D:1      | Reached XP level 2. HP: 19/24 MP: 2/2
  1219 | D:2      | Reached XP level 3. HP: 30/30 MP: 3/3
  1245 | D:2      | HP: 1/30 [poisoned by an adder]
  1245 | D:2      | Slain by a ball python

Illustrated notes

Levels and vault maps discovered:
D:1:      dpeg_arrival_rooms_with_view, layout_loops_corners
D:2:      layout_rooms, ebering_ecumenical_altar_mist

Action                   || total
-------------------------++-------
Melee: Spear             ||    46
       Dagger            ||    31
  Use: Potion            ||     4
 Stab: Sleeping          ||     5
Armor: Robe              ||    13
Dodge: Dodged            ||    59
Block: Other             ||    16
